 Dungeon Crawl Stone Soup version 0.29-a0-870-g2c972031a6 (webtiles) character file.

Game seed: 6281820085915128758

56 Nato the Insei (level 3, -1/24 HPs)
             Began as an Octopode Transmuter on July 18, 2022.
             Was an Initiate of Cheibriados.
             Slain by a goblin
             ... wielding a +0 dagger
             ... led by Robin
              (3 damage)
             ... on level 1 of the Dungeon.
             The game lasted 00:03:10 (2106 turns).

Nato the Insei (Octopode Transmuter)                Turns: 2106, Time: 00:03:12

Health: -1/24      AC:  1    Str: 12    XL:     3   Next: 95%
Magic:  6/6        EV: 13    Int: 16    God:    Cheibriados [......]
Gold:   54         SH:  0    Dex: 13    Spells: 3/6 levels left

rFire   . . .      SeeInvis .     - Unarmed
rCold   . . .      Faith    .   (no shield)
rNeg    . . .      Spirit   .   (helmet currently unavailable)
rPois   .          Reflect  .   (no amulet)
rElec   .          Harm     .   (no ring)
rCorr   .          Rampage  .   (no ring)
Will    .....                   (no ring)
Stlth   ++........              (no ring)
HPRegen 0.08/turn               (no ring)
MPRegen 0.10/turn               (no ring)
                                (no ring)
                                (no ring)

@: appendages, very slow
A: tentacle spike 3, almost no armour, amphibious, 8 rings, camouflage 1,
gelatinous body 1, (nimble swimmer 1), tentacles
a: End Transformation, Renounce Religion


You were on level 1 of the Dungeon.
You worshipped Cheibriados.
Cheibriados was noncommittal.
One of your tentacles had grown a beastly spike.
You visited 1 branch of the dungeon, and saw 2 of its levels.

You collected 54 gold pieces.

Inventory:

Scrolls
 b - 3 scrolls of silence {unknown}
 c - 2 scrolls of fear {unknown}
 d - a scroll of identify {unknown}
 e - a scroll of teleportation {unknown}
 i - a scroll of blinking {unknown}
 j - a scroll of brand weapon {unknown}
 k - a scroll of noise {unknown}
 l - a scroll of vulnerability {unknown}
 n - a scroll of torment {unknown}
Potions
 a - 2 potions of lignification
 f - 2 potions of heal wounds {unknown}
 g - a potion of resistance {unknown}
 h - a potion of attraction {unknown}
 m - a potion of ambrosia {unknown}
 o - a potion of magic {unknown}


   Skills:
 + Level 1.7 Fighting
 + Level 2.5 Dodging
 + Level 3.3 Unarmed Combat
 - Level 2.0 Spellcasting
 * Level 3.0 Transmutations


You had 3 spell levels left.
You knew the following spells:

 Your Spells              Type           Power      Damage    Failure   Level
a - Beastly Appendage     Tmut           22%        N/A       6%          1
b - Wereblood             Tmut           11%        N/A       9%          2

Your spell library contained the following spells:

 Spells                   Type           Power      Damage    Failure   Level
 Spider Form              Tmut/Pois      6%         N/A       32%         3
 Ignite Poison            Fire/Tmut/Pois 4%         N/A       38%         3
 Confusing Touch          Hex            1%         N/A       52%         3
 Conjure Flame            Conj/Fire      1%         6-21      52%         3
 Ice Form                 Ice/Tmut       6%         N/A       73%         4
 Sticky Flame             Conj/Fire      1%         2d3       90%         4
 Yara's Violent Unravell  Hex/Tmut       3%         3d4       97%         5
 Enfeeble                 Hex            0%         N/A       100%        7


Dungeon Overview and Level Annotations

Branches:
Dungeon (2/15)

Altars:
Cheibriados

Annotations:
D:2 Robin


Innate Abilities, Weirdness & Mutations

One of your tentacles has grown a beastly spike.
You cannot wear most types of armour.
You are amphibious.
You can wear up to eight rings at the same time.
Your skin changes colour to match your surroundings (Stealth+).
Your rubbery body absorbs attacks. (AC +1, EV +1)
((You are camouflaged when in or above water. (Stealth+)))
You have tentacles for arms and can constrict up to eight enemies at once.


Message History

Casting: Beastly Appendage (safe; 6% risk of failure)
Confirm with . or Enter, or press ? or * to list all spells.
One of your tentacles grows a vicious spike.
The goblin shouts!
You hear a shout! x2
The goblin closely misses you.
You closely miss the goblin.
The goblin shouts!
Your grab misses the goblin.
You hear a shout! x2
The goblin barely misses you.
You miss the goblin.
The goblin shouts!
You grab the goblin.
You pierce the goblin.
The goblin is severely wounded.
You constrict the goblin, but do no damage.
You hear a shout!
The goblin hits you with a +0 dagger.
You release your grip on the goblin.
Robin roars a battlecry!
The goblins go into a battle-frenzy!
The goblin hits you with a +0 dagger. The goblin closely misses you.
The goblin hits you with a +0 dagger. The goblin attacks as you move away!
The goblin misses you.
The goblin hits you with a +0 dagger. x2
* * * LOW HITPOINT WARNING * * *
The goblin attacks as you move away! The goblin closely misses you.
The goblin completely misses you.
There is a stone staircase leading up here.
You can't go down here!
The goblin closely misses you. The goblin barely misses you.
You climb upwards.
There is a stone staircase leading down here.
You tentacle-slap the goblin. Your grab misses the goblin.
You pierce the goblin.
You kill the goblin!
Cheibriados appreciates the change of pace.
The goblin hits you with a +0 dagger.
* * * LOW HITPOINT WARNING * * *
The goblin hits you with a +0 dagger.
You die...

####.#.# #.#.#≈≈≈≈≈≈≈≈≈≈≈≈≈#
...#.#.# #.#.#≈≈≈≈≈≈≈≈≈≈≈≈≈#
##.#.#.#######.#.#≈≈≈≈≈≈≈≈≈≈≈≈≈#
#..#.#.##........#≈≈≈≈≈≈≈≈≈≈≈≈≈#
...............#.#≈≈≈≈≈≈≈≈≈≈≈≈≈#
#..#.##........#.#≈≈≈≈≈≈≈≈≈≈≈≈≈#
##.#..........####≈≈≈≈≈≈≈≈≈≈≈≈≈#
...............g)#≈≈≈≈≈≈≈≈≈≈≈≈≈#
#.###.###.#...##@#.............#
#.#.....#.#...##g#.8.⌠⌠⌠>⌠⌠⌠.8.#
###.#.#.###...##.#.............#
.................###+###'###+###
###.#.#.###..#.......##..##..#
#...#.#...#..#...............#
#.###.###.#.##......########.#
............##...........# #.#
...................>####.###.#


You could see 2 goblins.

Vanquished Creatures
  2 adders (D:2)
  A dart slug (D:2)
  4 endoplasms
  7 goblins
  5 hobgoblins
  2 kobolds
  4 quokkas
  3 ball pythons
  3 bats
  3 rats
34 creatures vanquished.

Notes
Turn   | Place    | Note
-------+----------+-------------------------------------------
     0 | D:1      | Nato the Octopode Transmuter began the quest for the Orb.
     0 | D:1      | Reached XP level 1. HP: 13/13 MP: 3/3
    93 | D:1      | Found a faded altar of an unknown god.
   188 | D:1      | Reached XP level 2. HP: 13/18 MP: 3/5
   408 | D:1      | Learned a level 2 spell: Wereblood
  1032 | D:2      | Reached XP level 3. HP: 14/23 MP: 4/6
  1183 | D:2      | Noticed Robin
  2007 | D:2      | Found a snail-covered altar of Cheibriados.
  2016 | D:2      | Became a worshipper of Cheibriados the Contemplative
  2106 | D:1      | Slain by a goblin

Illustrated notes

Levels and vault maps discovered:
D:1:      zaba_arrival_water, layout_basic, ebering_ecumenical_altar_hall,
          minivault_19, minmay_misc_feat_roman
D:2:      layout_rooms, basic_altar, uniq_robin

Skill      XL: |  1  2  3 |
---------------+----------+-----
Transmutations | 3 |  3.0
Fighting       | |  1.7
Dodging        | |  2.5
Unarmed Combat | |  3.3
Spellcasting   | |  2.0

Action                   || total
-------------------------++-------
Melee: Unarmed           ||    69
       Tentacles         ||    13
       Kick              ||    24
       Constrict         ||    19
       Punch             ||     1
 Cast: Beastly Appendage ||    26
       Wereblood         ||     1
 Stab: Sleeping          ||     6
Armor: Skin              ||     6
Dodge: Dodged            ||    46

Table legend: (Time is in decaauts)
 A = Elapsed time spent in this place.
 B = Non-inter-level travel time spent in this place.
 C = Inter-level travel time spent in this place.
 D = Time resting spent in this place.
 E = Time spent auto-exploring this place.
 F = Levels seen in this place.
 G = Mean time per level.
                   A        B        C        D        E       F      G
               +--------+--------+--------+--------+--------+-----+--------+
         Total |   2125 |   2088 |     37 |    557 |   1210 |   2 | 1062.5 |
       Dungeon |   2125 |   2088 |     37 |    557 |   1210 |   2 | 1062.5 |
               +--------+--------+--------+--------+--------+-----+--------+

Top non-repeatable levels by time:
     D:1: 1245 daAuts
     D:2: 880 daAuts
